 Dungeon Crawl Stone Soup version 0.21.1-1-g345015fe64 (webtiles) character file.

74 Revguard the Magician (level 4, -2/24 HPs)
             Began as a Deep Elf Wizard on June 4, 2018.
             Was an Initiate of Sif Muna.
             Slain by terminal's ghost (3 damage)
             ... on level 3 of the Dungeon.
             The game lasted 00:22:49 (1899 turns).

Revguard the Magician (Deep Elf Wizard)             Turns: 1899, Time: 00:22:49

Health: -2/24      AC:  5    Str: 11    XL:     4   Next: 10%
Magic:  13/13      EV: 13    Int: 23    God:    Sif Muna [......]
Gold:   99         SH:  0    Dex: 13    Spells: 8/14 levels left

rFire    . . .     SeeInvis .   e - +0 spear
rCold    . . .     Gourm    .   (no shield)
rNeg     . . .     Faith    .   a - +0 robe
rPois    .         Spirit   .   b - +0 hat
rElec    .         Reflect  .   (no cloak)
rCorr    .         Harm     .   i - +2 pair of gloves
MR       .....                  (no boots)
Stlth    ++........             (no amulet)
HPRegen  0.08/turn              k - ring of wizardry
MPRegen  0.13/turn              p - +6 ring of strength

@: no status effects
A: no striking features
a: Renounce Religion


You were on level 3 of the Dungeon.
You worshipped Sif Muna.
Sif Muna was noncommittal.
You were not hungry.

You visited 1 branch of the dungeon, and saw 3 of its levels.

You collected 99 gold pieces.

Inventory:

Hand Weapons
 e - a +0 spear (weapon)
Armour
 a - a +0 robe (worn)
 b - a +0 hat (worn)
 i - a +2 pair of gloves (worn)
Jewellery
 k - a ring of wizardry (left hand)
 p - a +6 ring of strength (right hand)
 r - an uncursed ring of loudness
Scrolls
 g - 2 scrolls of identify
 h - a scroll of blinking {unknown}
 j - 2 scrolls of random uselessness
 l - a scroll of amnesia {unknown}
 m - a scroll of magic mapping {unknown}
 o - a scroll of enchant armour {unknown}
Potions
 f - 2 potions of curing {unknown}
 n - a potion of invisibility {unknown}
 q - 3 potions of lignification {unknown}
Books
 c - a book of Minor Magic

   Spells                             Type                      Level
   a - Magic Dart                     Conjuration                  1
   b - Blink                          Translocation                2
   c - Call Imp                       Summoning                    2
   d - Slow                           Hexes                        2
   e - Conjure Flame                  Conjuration/Fire             3
   f - Mephitic Cloud                 Conjuration/Poison/Air       3
Comestibles
 d - 7 rations


   Skills:
 - Level 0.6 Polearms
 + Level 2.9 Dodging
 + Level 2.6 Stealth
 + Level 5.6 Spellcasting
 * Level 1.8 Conjurations
 + Level 1.8 Summonings
   Level 1.1 Translocations


You had 8 spell levels left.
You knew the following spells:

 Your Spells              Type           Power        Failure   Level  Hunger
a - Magic Dart            Conj           ##..         1%          1    None
b - Call Imp              Summ           ###.....     2%          2    None
c - Conjure Flame         Conj/Fire      ##......     8%          3    ##.....


Dungeon Overview and Level Annotations

Branches:
Dungeon (3/15)

Altars:
Ashenzari
Sif Muna
Uskayaw

Annotations:
D:3 terminal's ghost, amateur HaHu


Message History

Confirm with . or Enter, or press ? or * to list all spells.
Aiming: Magic Dart
Press: ? - help, Shift-Dir - straight line, f/p - hobgoblin
Aim: a hobgoblin, wielding a club (almost dead)
The magic dart hits the hobgoblin.
You kill the hobgoblin!
Sif Muna accepts your kill.
Okay, then.
You open the door.
There is an open door here.
Terminal's ghost (amateur Halfling Hunter) comes into view.
It is wielding a weapon of flaming.
Terminal's ghost turns its malevolent gaze towards you.
Terminal's ghost closely misses you.
You miss terminal's ghost. Terminal's ghost hits you.
Terminal's ghost burns you.
You miss terminal's ghost. Terminal's ghost hits you!
Terminal's ghost burns you. Terminal's ghost hits you!
* * * LOW HITPOINT WARNING * * *
Terminal's ghost burns you.
You die...

###########.#
###.....### #.#
#..........
#.#######.#########
#.#<........#
#.#######.#.# #.#
#.#.# #.# #.# #
#.#######.#
#.....@W..#
###########


You could see terminal's ghost.

Vanquished Creatures
  An adder (D:3)
  3 orcs (D:3)
  6 bats
  5 giant cockroaches
  8 goblins
  5 hobgoblins
  4 jackals
  5 kobolds
  A ball python (D:2)
  3 frilled lizards (D:2)
  4 rats
45 creatures vanquished.

Vanquished Creatures (collateral kills)
  A leopard gecko (D:3)
  An orc (D:3)
  3 bats
  A giant cockroach (D:1)
  A hobgoblin (D:2)
  4 jackals
  A frilled lizard (D:3)
  2 kobolds
14 creatures vanquished.

Grand Total: 59 creatures vanquished

Notes
Turn   | Place    | Note
-------+----------+-------------------------------------------
     0 | D:1      | Revguard the Deep Elf Wizard began the quest for the Orb.
     0 | D:1      | Reached XP level 1. HP: 10/10 MP: 7/7
   240 | D:1      | Reached XP level 2. HP: 12/15 MP: 7/9
   246 | D:1      | Learned a level 2 spell: Call Imp
   448 | D:1      | Reached skill level 5 in Spellcasting
   866 | D:2      | Reached XP level 3. HP: 18/19 MP: 4/11
   891 | D:2      | Learned a level 3 spell: Conjure Flame
  1008 | D:2      | Noticed a dagger
  1008 | D:2      | Noticed a hand axe
  1015 | D:2      | Found a hide-covered altar of Uskayaw.
  1084 | D:2      | Found a shattered altar of Ashenzari.
  1087 | D:2      | Found a deep blue altar of Sif Muna.
  1139 | D:2      | Became a worshipper of Sif Muna the Loreminder
  1789 | D:3      | Reached XP level 4. HP: 20/24 MP: 3/13
  1894 | D:3      | Noticed terminal's ghost (amateur HaHu)
  1899 | D:3      | HP: 1/24 [terminal's ghost (9)]
  1899 | D:3      | Slain by terminal's ghost

Skill      XL: |  1  2 |
---------------+-------+-----
Spellcasting   | 5 |  5.6
Polearms       | |  0.6
Dodging        | |  2.9
Stealth        | |  2.6
Conjurations   | |  1.8
Summonings     | |  1.8
Translocations | |  1.1

Action                   |  1- 3 |  4- 6 || total
-------------------------+-------+-------++-------
Melee: Spear             |   105 |    10 ||   115
 Cast: Magic Dart        |    41 |     5 ||    46
       Call Imp          |    21 |       ||    21
       Conjure Flame     |     2 |       ||     2
  Use: Scroll            |     3 |       ||     3
 Stab: Sleeping          |     1 |       ||     1
  Eat: Ration            |     1 |       ||     1
Armor: Robe              |    47 |     1 ||    48
Dodge: Dodged            |   102 |     8 ||   110
